 Dungeon Crawl Stone Soup version 0.31-a0-369-g8eba5f6939 (webtiles) character file.

Game seed: 85052601850734083

1460 LeprechaunX the Ruffian (level 8, -5/49 HPs)
             Began as an Octopode Shapeshifter on July 28, 2023.
             Was a Follower of Hepliaklqana.
             Slain by a gnoll sergeant
             ... wielding a +1 heavy trident
              (15 damage)
             ... on level 6 of the Dungeon.
             The game lasted 00:08:07 (4161 turns).

LeprechaunX the Ruffian (Octopode Shapeshifter)     Turns: 4161, Time: 00:08:08

Health: -5/49      AC:  8    Str: 22    XL:     8   Next: 76%
Magic:  11/11      EV: 14    Int: 11    God:    Hepliaklqana [*.....]
Gold:   361        SH:  0    Dex: 12    Spells: 8/11 levels left

rFire   . . .        m - +7 war axe "Fickanwu" {protect, rC+}
rCold   + . .        (no shield)
rNeg    . . .        (helmet currently unavailable)
rPois   .            d - amulet of the acrobat
rElec   .            p - +6 ring of strength
rCorr   .            t - ring of flight
SInv    .            (no ring)
Will    .....        (no ring)
Stlth   ++           (no ring)
HPRegen 0.28/turn    (no ring)
MPRegen 0.12/turn    (no ring)
                     (no ring)

%: acrobat
@: beast-form, under a protective aura, flying
A: beast (slay +3), reduced essence, almost no armour, amphibious, 8 rings,
camouflage 1, gelatinous body 1, (nimble swimmer 1), tentacles
a: Begin Untransformation, Renounce Religion, Recall Ancestor, Ancestor Identity


You were on level 6 of the Dungeon.
You worshipped Hepliaklqana.
Hepliaklqana was aware of your devotion.
You were a hulking beast.
You visited 1 branch of the dungeon, and saw 6 of its levels.
You also visited: Sewer.

You collected 361 gold pieces.

Inventory:

Hand Weapons
 m - the +7 war axe "Fickanwu" (weapon) {protect, rC+}
   (You took it off a kobold on level 3 of the Dungeon)

   rC:        It protects you from cold.
Jewellery
 d - an amulet of the acrobat (around mantle)
 l - a ring of ice
 p - a +6 ring of strength (left tentacle)
 t - a ring of flight (right tentacle)
Talismans
 b - a beast talisman
Wands
 o - a wand of mindburst (14)
 x - a wand of roots (20)
Scrolls
 i - 6 scrolls of identify {unknown}
 j - a scroll of enchant weapon {unknown}
 k - 2 scrolls of fear {unknown}
 n - a scroll of blinking {unknown}
 s - 2 scrolls of torment {unknown}
 y - a scroll of revelation {unknown}
 B - a scroll of noise {unknown}
Potions
 a - a potion of lignification
 c - 2 potions of curing {unknown}
 e - 4 potions of magic {unknown}
 f - a potion of degeneration {unknown}
 g - a potion of attraction {unknown}
 h - a potion of heal wounds {unknown}
 q - 2 potions of enlightenment {unknown}
 r - 2 potions of might {unknown}
 u - 3 potions of haste {unknown}
 v - 2 potions of mutation {unknown}
 w - a potion of invisibility {unknown}
 z - a potion of brilliance {unknown}
 A - a potion of resistance {unknown}


   Skills:
 + Level 5.0 Fighting
 - Level 4.0 Dodging
 + Level 5.8 Unarmed Combat
 + Level 2.1 Spellcasting
 + Level 3.7 Ice Magic
 + Level 5.1 Shapeshifting


You had 8 spell levels left.
You knew the following spells:

 Your Spells              Type           Power      Damage    Failure   Level
a - Ozocubu's Armour      Ice            9%         N/A       19%         3

Your spell library contained the following spells:

 Spells                   Type           Power      Damage    Failure   Level
 Apportation              Tloc           2%         N/A       28%         1
 Necrotise                Necr           4%         1d4       28%         1
 Summon Small Mammal      Summ           4%         N/A       28%         1
 Call Canine Familiar     Summ           1%         N/A       65%         3
 Portal Projectile        Hex/Tloc       2%         N/A       65%         3
 Leda's Liquefaction      Hex/Erth       0%         N/A       96%         4
 Metabolic Englaciation   Hex/Ice        2%         N/A       98%         5
 Simulacrum               Ice/Necr       2%         N/A       100%        6


Dungeon Overview and Level Annotations

Branches:
Dungeon (6/15)             Temple (0/1) D:5           Sewer (visited)

Altars:
Hepliaklqana
Nemelex Xobeh
Trog
Uskayaw
Xom
Yredelemnul

Shops:
D:4 (

Annotations:
D:3 1 runed translucent door
D:5 1 runed translucent door, Crazy Yiuf


Innate Abilities, Weirdness & Mutations

You are a hulking beast.
Your limbs bulge with bestial killing power. (Slay +3)
Your life essence is reduced to manifest your ancestor. (-10% HP)
You cannot wear most types of armour.
You are amphibious.
You can wear up to eight rings at the same time.
Your skin changes colour to match your surroundings (Stealth+).
Your rubbery body absorbs attacks. (AC +1, EV +1)
((You are camouflaged when in or above water. (Stealth+)))
You have tentacles for arms and can constrict up to eight enemies at once.


Message History

You closely miss the gnoll. You grab the gnoll.
You squeeze the gnoll, but do no damage.
The gnoll is heavily wounded.
You constrict the gnoll. The gnoll hits you with a +0 halberd!
The gnoll misses you.
The orc wizard casts a spell.
The orc wizard flickers and vanishes!
Deactivating autopickup; reactivate with Ctrl-A.
Shiptu hits the gnoll!
The gnoll dies!
The gnoll hits you from afar with a +0 spear.
The gnoll misses you.
You swap places.
The gnoll sergeant hits you from afar with a +1 heavy trident!!
The gnoll completely misses you. The gnoll misses you.
There is an escape hatch in the ceiling, spattered with blood here.
You are too injured to fight recklessly!
Unknown command.
You are too injured to fight recklessly!
Unknown command.
You hit the gnoll.
Your weapon exudes an aura of protection.
Your grab misses the gnoll. You squeeze the gnoll.
The gnoll is moderately wounded.
You slash the gnoll!
Shiptu closely misses the gnoll.
The gnoll closely misses you.
The gnoll sergeant hits you from afar with a +1 heavy trident.
Shiptu hits the gnoll but does no damage.
You slash the gnoll!
You kill the gnoll!
You hit the gnoll. The gnoll misses you.
The gnoll sergeant hits you from afar with a +1 heavy trident!
* * * LOW HITPOINT WARNING * * *
Shiptu hits the gnoll.
The gnoll dies!
You slice the orc!!
You kill the orc!
You closely miss something.
Shiptu hits something.
Something hits Shiptu.
The gnoll sergeant hits you from afar with a +1 heavy trident!
You die...

.....##.....####...##.....#####
............# ......#.......#
....[.......####..............#
................ .............#
...............###.#.......######
.................................
................####.#####.......
...##...>.......R.......##.......
...###......#...h)......##..gg.##
...#..........##).......##.....#
...#...#......)[[.g#....##...o.#
.........#.##....#.............#
.........#.##....#.##...g###...##
.........#.##....#.##...........#
.........#.##....#.##...gg......#
...........##....#.##...........#
..#........##....#.###...<......#


You could see the friendly Shiptu the ancestor and a gnoll sergeant (ally
target).

Vanquished Creatures
  Sigmund (D:3)
  Duvessa (D:4)
  An orc warrior (D:6)
  An ogre (D:6)
  2 kobold brigands (Sewer)
  Dowan (D:4)
  3 killer bees (D:6)
  2 hounds
  2 orc priests
  2 sleepcaps
  2 iguanas
  3 orc wizards
  10 adders
  8 gnolls
  2 ufetubi
  2 worms
  3 dart slugs
  15 orcs
  9 ball pythons
  5 endoplasms
  7 giant cockroaches
  7 hobgoblins
  5 quokkas
  8 bats
  6 frilled lizards
  12 goblins
  19 kobolds
  5 rats
144 creatures vanquished.

Vanquished Creatures (collateral kills)
  A black bear (D:6)
  2 gnolls (D:6)
  An orc (D:6)
4 creatures vanquished.

Vanquished Creatures (others)
  An ancestor (D:6)
  A butterfly (D:6)
2 creatures vanquished.

Grand Total: 150 creatures vanquished

Notes
Turn   | Place    | Note
-------+----------+-------------------------------------------
     0 | D:1      | LeprechaunX the Octopode Shapeshifter began the quest for
                  | the Orb.
     0 | D:1      | Reached XP level 1. HP: 13/13 MP: 1/1
   107 | D:1      | Reached XP level 2. HP: 18/18 MP: 2/2
   533 | D:2      | Reached XP level 3. HP: 16/23 MP: 3/3
   908 | D:2      | Found a faded altar of an unknown god.
  1021 | D:2      | Reached XP level 4. HP: 29/29 MP: 4/4
  1025 | D:2      | Learned a level 3 spell: Ozocubu's Armour
  1360 | D:3      | Found a bloodstained altar of Trog.
  1426 | D:3      | Identified the +7 war axe "Fickanwu" {protect, rC+}
  1542 | D:3      | Found a hide-covered altar of Uskayaw.
  1544 | D:3      | Found a shimmering altar of Xom.
  1743 | D:3      | Found a runed translucent door.
  1743 | D:3      | Noticed a human
  1747 | D:3      | Found a basalt altar of Yredelemnul.
  1748 | D:3      | Noticed Sigmund
  1754 | D:3      | Killed Sigmund
  1755 | D:3      | Reached XP level 5. HP: 33/36 MP: 5/5
  1755 | D:3      | Reached XP level 6. HP: 38/42 MP: 6/6
  1906 | D:4      | Noticed Dowan
  1941 | D:4      | Killed Dowan
  1951 | D:4      | Noticed Duvessa
  1966 | D:4      | HP: 1/42 [Duvessa/+0 short sword (8)]
  1967 | D:4      | Killed Duvessa
  1968 | D:4      | Reached skill level 1 in Ice Magic
  2169 | D:4      | Found a sparkling altar of Nemelex Xobeh.
  2258 | D:4      | Reached XP level 7. HP: 46/46 MP: 7/7
  2307 | D:4      | Found Qakyid's Weapon Emporium.
  2456 | D:4      | Identified the +0 plate armour of Quveu {Harm rElec rF++
                  | Dex+3}
  2550 | D:4      | Found a hazy altar of Hepliaklqana.
  2738 | D:4      | Became a worshipper of Hepliaklqana the Forgotten
  2763 | D:5      | Entered Level 5 of the Dungeon
  2780 | D:5      | Found a staircase to the Ecumenical Temple.
  3125 | D:5      | Found a runed translucent door.
  3126 | D:5      | Noticed Crazy Yiuf
  3173 | D:5      | You are sucked into a shaft and drop 1 floor!
  3209 | D:6      | Found a glowing drain.
  3233 | Sewer    | Entered a sewer
  3319 | Sewer    | Reached skill level 5 in Unarmed Combat
  3506 | Sewer    | Reached XP level 8. HP: 43/54 MP: 8/8
  3623 | D:6      | Reached * piety under Hepliaklqana
  3654 | D:6      | Reached skill level 1 in Spellcasting
  3756 | D:6      | Reached skill level 5 in Shapeshifting
  3928 | D:6      | Reached skill level 5 in Fighting
  4161 | D:6      | Slain by a gnoll sergeant

Illustrated notes

Levels and vault maps discovered:
D:1:      giann_horns, layout_basic
D:2:      layout_basic, hellmonk_ecumenical_altar_lost_god, eino_tiny_chamber,
          st_stairs_9
D:3:      layout_basic, dk_yredelemnul_ordeal, trog_butcher_becter, minitemple,
          uniq_sigmund
D:4:      layout_basic, mainiacjoe_overflow_24_doors,
          mainiacjoe_overflow_boulevard, serial_shops,
          nicolae_shop_bloodbath_and_beyond, uniq_duvessa
D:5:      layout_gridville, minmay_temple_entry_overgrown, corexii_shack,
          uniq_blork_the_orc, uniq_edmund, uniq_crazy_yiuf_cottage
D:6:      layout_basic, nicolae_elyvilon_peaceful_grove, gup_sewer_entry_glass

Skill      XL: |  1  2  3  4  5  6  7  8 |
---------------+-------------------------+-----
Fighting       | 2 3 4 5 |  5.0
Dodging        | 3 4 |  4.0
Unarmed Combat | 4 5 |  5.8
Ice Magic      | 1 2 3 |  3.7
Shapeshifting  | 4 5 |  5.1
Spellcasting   | 2 |  2.1

Action                     |  1- 3 |  4- 6 |  7- 9 || total
---------------------------+-------+-------+-------++-------
  Melee: Unarmed           |    63 |    27 |       ||    90
         Constrict         |    22 |    16 |    29 ||    67
         Tentacles         |    12 |    15 |    24 ||    51
         Punch             |     1 |     1 |     3 ||     5
         War axe           |       |    32 |   102 ||   134
   Stab: Sleeping          |    10 |     3 |     4 ||    17
 Armour: Skin              |     4 |     6 |    18 ||    28
  Dodge: Dodged            |    36 |    43 |    98 ||   177

Table legend: (Time is in decaauts)
 A = Elapsed time spent in this place.
 B = Non-inter-level travel time spent in this place.
 C = Inter-level travel time spent in this place.
 D = Time resting spent in this place.
 E = Time spent auto-exploring this place.
 F = Levels seen in this place.
 G = Mean time per level.
                   A        B        C        D        E       F      G
               +--------+--------+--------+--------+--------+-----+--------+
         Total |   4222 |   4071 |    151 |    366 |   2735 |   7 |  603.1 |
       Dungeon |   3897 |   3746 |    151 |    366 |   2488 |   6 |  649.5 |
         Sewer |    324 |    324 |      0 |      0 |    247 |   1 |  324.0 |
               +--------+--------+--------+--------+--------+-----+--------+

Top non-repeatable levels by time:
     D:4: 898 daAuts
     D:2: 794 daAuts
     D:6: 587 daAuts
     D:3: 565 daAuts
     D:5: 531 daAuts
     D:1: 520 daAuts
   Sewer: 324 daAuts
